General information
- name: BNet
- type: Ladder team game (AT/RT)
- host: Battle.net
- saver:
map: Cherryville
- players: 8
- length: 37:43
- speed: Fast
- version: 1.28 W3XP
- replay type: Public
» download(211 KB)
Players
team 1 (winner)
TheJukeBox (
green | 87 APM | 1619 actions | 18:32)
4 Pandaren Brewmaster
1 Drunken Haze
2 Breath of Fire
1 Drunken Brawler
» actions
| Assign group hotkey | 27 | |
| Basic commands | 30 | |
| Build / train | 67 | |
| Enter build submenu | 19 | |
| Enter hero's abilities submenu | 4 | |
| Give item / drop item | 1 | |
| Remove unit from queue | 4 | |
| Right click | 1011 | |
| Select / deselect | 341 | |
| Select group hotkey | 59 | |
| Use ability | 55 | |
1619 total
» units
| Wisp | 17 | |
| Huntress | 17 | |
| Dryad | 10 | |
| Mountain Giant | 1 | |
45 total
» upgrades
| Reinforced Hides | 2 | |
| Abolish Magic | 1 | |
| Upgrade Moon Glaive | 1 | |
| Sentinel | 1 | |
5 total
» buildings
| Altar of Elders | 1 | |
| Moon Well | 6 | |
| Hunter's Hall | 1 | |
| Ancient of War | 1 | |
| Ancient Protector | 6 | |
| Ancient of Wonders | 1 | |
| Tree of Ages | 3 | |
| Ancient of Lore | 1 | |
| Tree of Eternity | 1 | |
21 total
» build order
00:14 Altar of Elders
00:19 Moon Well
01:43 Hunter's Hall
02:02 Moon Well
02:11 Ancient of War
02:42 Moon Well
02:47 Ancient Protector
03:24 Ancient Protector
03:26 Ancient of Wonders
04:03 Tree of Ages
04:04 Tree of Ages
04:50 Moon Well
05:44 Moon Well
06:30 Ancient of Lore
06:55 Ancient Protector
07:36 Tree of Eternity
15:33 Moon Well
15:39 Ancient Protector
15:42 Ancient Protector
15:45 Ancient Protector
» items
| Moonstone | 1 | |
| Lesser Clarity Potion | 1 | |
| Boots of Speed | 1 | |
| Circlet of Nobility | 1 | |
4 total

»
KiD (
purple | 39 APM | 730 actions | 18:37)
3 Mountain King
1 Storm Bolt
2 Bash
» actions
| Basic commands | 23 | |
| Build / train | 56 | |
| Enter build submenu | 19 | |
| Enter hero's abilities submenu | 3 | |
| Give item / drop item | 3 | |
| Right click | 393 | |
| Select / deselect | 185 | |
| Use ability | 48 | |
730 total
» units
| Peasant | 9 | |
| Footman | 14 | |
| Knight | 6 | |
| Goblin Shredder | 1 | |
30 total
» upgrades
| Plating | 4 | |
| Swords | 3 | |
| Masonry | 1 | |
| Animal War Training | 1 | |
9 total
» buildings
| Altar of Kings | 1 | |
| Farm | 9 | |
| Barracks | 2 | |
| Lumber Mill | 1 | |
| Blacksmith | 1 | |
| Keep | 1 | |
| Arcane Vault | 2 | |
| Castle | 1 | |
| Scout Tower | 3 | |
| Arcane Tower | 2 | |
23 total
» build order
00:25 Altar of Kings
00:38 Farm
00:54 Barracks
01:11 Barracks
01:22 Farm
02:04 Lumber Mill
02:10 Farm
02:27 Blacksmith
02:56 Farm
03:11 Farm
04:16 Keep
04:23 Arcane Vault
06:02 Farm
06:08 Farm
07:48 Castle
08:05 Scout Tower
08:57 Scout Tower
09:01 Scout Tower
09:28 Arcane Tower
09:30 Arcane Tower
13:05 Farm
17:04 Farm
17:10 Arcane Vault
» items
| Circlet of Nobility | 1 | |
| Boots of Speed | 1 | |
| Lesser Clarity Potion | 1 | |
| Scroll of Town Portal | 2 | |
| Scroll of Regeneration | 2 | |
| Orb of Fire | 1 | |
8 total
SNAKE-BITTEN (
red | 69 APM | 2605 actions | 37:43)
9 Blademaster
3 Critical Strike
3 Wind Walk
1 Bladestorm
2 Mirror Image
» actions
| Assign group hotkey | 41 | |
| Basic commands | 54 | |
| Build / train | 106 | |
| Enter build submenu | 38 | |
| Enter hero's abilities submenu | 8 | |
| Give item / drop item | 4 | |
| Remove unit from queue | 1 | |
| Right click | 1066 | |
| Select / deselect | 329 | |
| Select group hotkey | 763 | |
| Use ability | 195 | |
2605 total
» units
| Peon | 14 | |
| Grunt | 3 | |
| Goblin Shredder | 8 | |
| Wind Rider | 7 | |
| Troll Batrider | 13 | |
| Goblin Sapper | 6 | |
| Hippogryph | 10 | |
| Raider | 4 | |
65 total
» upgrades
| Ranged Weapons | 2 | |
| Reinforced Defenses | 1 | |
| Armor | 2 | |
| Liquid Fire | 1 | |
| Melee Weapons | 2 | |
| Pillage | 1 | |
| Ensnare | 1 | |
10 total
» buildings
| Altar of Storms | 1 | |
| Orc Burrow | 5 | |
| Barracks | 1 | |
| Voodoo Lounge | 1 | |
| Stronghold | 5 | |
| War Mill | 1 | |
| Great Hall | 4 | |
| Watch Tower | 35 | |
| Fortress | 1 | |
| Beastiary | 3 | |
| Ancient Protector | 10 | |
| Tree of Life | 1 | |
68 total
» build order
00:07 Altar of Storms
00:20 Orc Burrow
00:36 Barracks
01:25 Orc Burrow
01:56 Voodoo Lounge
02:55 Stronghold
02:55 Stronghold
02:56 Stronghold
03:25 War Mill
04:01 Great Hall
05:32 Watch Tower
05:32 Watch Tower
05:57 Watch Tower
06:01 Fortress
06:13 Orc Burrow
06:39 Watch Tower
06:39 Watch Tower
06:53 Beastiary
07:15 Great Hall
07:23 Beastiary
08:15 Watch Tower
09:01 Beastiary
09:05 Orc Burrow
10:25 Great Hall
10:37 Watch Tower
11:44 Watch Tower
11:44 Watch Tower
11:59 Watch Tower
12:02 Watch Tower
12:02 Watch Tower
12:13 Orc Burrow
12:18 Watch Tower
13:09 Watch Tower
13:10 Watch Tower
13:28 Watch Tower
13:28 Watch Tower
14:52 Watch Tower
14:52 Watch Tower
14:53 Watch Tower
14:53 Watch Tower
14:53 Watch Tower
15:11 Watch Tower
15:52 Watch Tower
17:14 Watch Tower
17:15 Watch Tower
17:15 Watch Tower
17:16 Watch Tower
17:16 Watch Tower
18:36 Watch Tower
18:45 Ancient Protector
18:46 Ancient Protector
18:46 Ancient Protector
18:46 Ancient Protector
22:38 Ancient Protector
22:38 Ancient Protector
22:39 Ancient Protector
22:39 Ancient Protector
22:39 Ancient Protector
22:40 Ancient Protector
26:33 Great Hall
26:34 Watch Tower
26:35 Watch Tower
26:35 Watch Tower
26:36 Watch Tower
26:36 Watch Tower
32:56 Tree of Life
» items
| Healing Salve | 4 | |
| Scroll of Town Portal | 3 | |
| Orb of Lightning | 1 | |
| Potion of Lesser Invulnerability | 1 | |
| Staff of Teleportation | 1 | |
| Lesser Clarity Potion | 1 | |
| Potion of Mana | 1 | |
12 total
Kadak (
teal | 47 APM | 857 actions | 18:16)
4 Demon Hunter
2 Evasion
2 Mana Burn
» actions
| Build / train | 76 | |
| Enter build submenu | 24 | |
| Enter hero's abilities submenu | 4 | |
| Right click | 379 | |
| Select / deselect | 320 | |
| Use ability | 54 | |
857 total
» units
| Wisp | 28 | |
| Archer | 19 | |
| Hippogryph | 7 | |
54 total
» upgrades
| Strength of the Moon | 3 | |
| Moon Armor | 2 | |
| Improved Bows | 1 | |
| Hippogryph Taming | 1 | |
| Marksmanship | 1 | |
| Well Spring | 1 | |
9 total
» buildings
| Altar of Elders | 1 | |
| Moon Well | 7 | |
| Ancient of War | 2 | |
| Ancient of Wonders | 1 | |
| Hunter's Hall | 1 | |
| Tree of Ages | 1 | |
| Tree of Life | 1 | |
| Ancient of Wind | 2 | |
| Ancient Protector | 6 | |
| Tree of Eternity | 1 | |
23 total
» build order
00:23 Altar of Elders
00:38 Moon Well
00:52 Ancient of War
01:42 Moon Well
01:45 Moon Well
02:06 Ancient of Wonders
02:17 Moon Well
02:59 Hunter's Hall
03:52 Tree of Ages
04:57 Tree of Life
05:18 Moon Well
06:08 Moon Well
06:54 Ancient of Wind
07:26 Ancient of Wind
07:50 Ancient Protector
07:52 Ancient Protector
09:06 Ancient Protector
09:12 Ancient Protector
09:18 Ancient Protector
09:25 Tree of Eternity
10:07 Ancient Protector
11:31 Ancient of War
15:05 Moon Well
» items
| Scroll of Town Portal | 2 | |
| Orb of Fire | 1 | |
| Potion of Healing | 1 | |
| Lesser Clarity Potion | 1 | |
| Dust of Appearance | 1 | |
6 total
team 2 (loser)

»
TeKk (
blue | 56 APM | 1438 actions | 25:47)
5 Death Knight
3 Death Coil
2 Unholy Aura
4 Lich
2 Frost Nova
2 Frost Armor
» actions
| Assign group hotkey | 22 | |
| Basic commands | 61 | |
| Build / train | 74 | |
| Enter build submenu | 24 | |
| Enter hero's abilities submenu | 9 | |
| Give item / drop item | 3 | |
| Right click | 463 | |
| Select / deselect | 265 | |
| Select group hotkey | 436 | |
| Use ability | 81 | |
1438 total
» units
| Acolyte | 9 | |
| Ghoul | 5 | |
| Crypt Fiend | 4 | |
| Frost Wyrm | 8 | |
26 total
» upgrades
| Web | 1 | |
| Creature Carapace | 3 | |
| Creature Attack | 3 | |
| Freezing Breath | 1 | |
8 total
» buildings
| Graveyard | 1 | |
| Altar of Darkness | 1 | |
| Ziggurat | 9 | |
| Crypt | 1 | |
| Tomb of Relics | 2 | |
| Nerubian Tower | 1 | |
| Halls of the Dead | 5 | |
| Necropolis | 1 | |
| Spirit Tower | 6 | |
| Sacrificial Pit | 1 | |
| Black Citadel | 1 | |
| Boneyard | 3 | |
32 total
» build order
00:38 Graveyard
00:40 Altar of Darkness
00:50 Ziggurat
00:59 Crypt
01:09 Ziggurat
01:30 Tomb of Relics
01:48 Nerubian Tower
04:11 Halls of the Dead
04:12 Halls of the Dead
04:12 Halls of the Dead
05:03 Necropolis
05:17 Ziggurat
05:46 Ziggurat
05:53 Ziggurat
06:11 Spirit Tower
06:30 Ziggurat
06:37 Sacrificial Pit
06:40 Spirit Tower
07:13 Spirit Tower
07:32 Spirit Tower
07:47 Black Citadel
08:45 Ziggurat
09:39 Spirit Tower
09:54 Tomb of Relics
10:12 Boneyard
10:16 Boneyard
10:25 Boneyard
14:36 Ziggurat
23:50 Spirit Tower
23:56 Ziggurat
» items
| Rod of Necromancy | 2 | |
| Sacrificial Skull | 1 | |
| Scroll of Town Portal | 5 | |
| Orb of Corruption | 1 | |
| Potion of Mana | 3 | |
| Scroll of Protection | 1 | |
| Periapt of Vitality | 1 | |
| Dust of Appearance | 1 | |
| Scroll of Healing | 1 | |
16 total
ArchFuri (
orange | 54 APM | 1400 actions | 25:48)
6 Demon Hunter
3 Mana Burn
2 Evasion
1 Metamorphosis
» actions
| Assign group hotkey | 23 | |
| Basic commands | 9 | |
| Build / train | 57 | |
| Enter build submenu | 20 | |
| Enter hero's abilities submenu | 6 | |
| Give item / drop item | 1 | |
| Remove unit from queue | 3 | |
| Right click | 792 | |
| Select / deselect | 169 | |
| Select group hotkey | 205 | |
| Use ability | 115 | |
1400 total
» units
| Wisp | 19 | |
| Archer | 5 | |
| Druid of the Claw | 6 | |
| Mountain Giant | 1 | |
31 total
» upgrades
| Druid of the Claw Training | 2 | |
| Mark of the Claw | 1 | |
| Well Spring | 1 | |
| Strength of the Wild | 3 | |
| Reinforced Hides | 1 | |
| Hardened Skin | 1 | |
| Resistant Skin | 1 | |
10 total
» buildings
| Altar of Elders | 2 | |
| Moon Well | 6 | |
| Ancient of War | 1 | |
| Tree of Ages | 1 | |
| Hunter's Hall | 2 | |
| Tree of Eternity | 1 | |
| Ancient of Lore | 3 | |
| Ancient of Wonders | 3 | |
| Ancient of Wind | 1 | |
| Tree of Life | 1 | |
21 total
» build order
00:09 Altar of Elders
00:18 Moon Well
01:40 Moon Well
02:02 Ancient of War
02:24 Tree of Ages
02:38 Moon Well
03:04 Hunter's Hall
03:08 Hunter's Hall
04:23 Moon Well
04:46 Tree of Eternity
04:52 Ancient of Lore
05:34 Ancient of Lore
07:24 Moon Well
11:39 Ancient of Wonders
11:41 Ancient of Wonders
12:58 Ancient of Wind
15:20 Ancient of Lore
15:33 Ancient of Wonders
19:48 Moon Well
21:39 Tree of Life
24:52 Altar of Elders
» items
| Orb of Venom | 1 | |
| Scroll of Town Portal | 2 | |
| Staff of Preservation | 1 | |
4 total

»
el_sin_nombre_2 (
pink | 73 APM | 2739 actions | 37:43)
5 Death Knight
3 Death Coil
2 Unholy Aura
5 Lich
3 Frost Nova
2 Dark Ritual
3 Crypt Lord
1 Impale
2 Spiked Carapace
» actions
| Assign group hotkey | 33 | |
| Basic commands | 97 | |
| Build / train | 105 | |
| ESC pressed | 1 | |
| Enter build submenu | 16 | |
| Enter hero's abilities submenu | 13 | |
| Right click | 975 | |
| Select / deselect | 341 | |
| Select group hotkey | 1009 | |
| Use ability | 149 | |
2739 total
» units
| Acolyte | 14 | |
| Ghoul | 3 | |
| Crypt Fiend | 15 | |
| Obsidian Statue | 4 | |
36 total
» upgrades
| Creature Attack | 1 | |
| Creature Carapace | 1 | |
| Web | 1 | |
| Cannibalize | 1 | |
| Destroyer Form | 1 | |
5 total
» buildings
| Altar of Darkness | 1 | |
| Ziggurat | 9 | |
| Graveyard | 1 | |
| Tomb of Relics | 1 | |
| Crypt | 1 | |
| Nerubian Tower | 3 | |
| Halls of the Dead | 4 | |
| Black Citadel | 3 | |
| Slaughterhouse | 3 | |
| Spirit Tower | 6 | |
32 total
» build order
01:02 Altar of Darkness
01:04 Ziggurat
01:07 Graveyard
01:11 Tomb of Relics
01:16 Ziggurat
01:27 Crypt
01:58 Nerubian Tower
01:58 Nerubian Tower
01:59 Nerubian Tower
02:12 Ziggurat
04:49 Halls of the Dead
04:49 Halls of the Dead
05:56 Ziggurat
07:48 Black Citadel
07:48 Black Citadel
08:12 Slaughterhouse
08:14 Slaughterhouse
08:29 Slaughterhouse
09:38 Ziggurat
09:40 Ziggurat
09:40 Ziggurat
13:24 Ziggurat
13:25 Ziggurat
17:27 Spirit Tower
17:27 Spirit Tower
17:27 Spirit Tower
18:13 Spirit Tower
18:13 Spirit Tower
» items
| Rod of Necromancy | 10 | |
| Orb of Corruption | 1 | |
| Potion of Healing | 2 | |
| Scroll of Town Portal | 1 | |
| Dust of Appearance | 1 | |
15 total
DarkWebMerchant (
yellow | 58 APM | 2188 actions | 37:43)
7 Blademaster
3 Wind Walk
3 Critical Strike
1 Bladestorm
» actions
| Assign group hotkey | 64 | |
| Basic commands | 151 | |
| Build / train | 63 | |
| Enter build submenu | 52 | |
| Enter hero's abilities submenu | 7 | |
| Give item / drop item | 1 | |
| Remove unit from queue | 1 | |
| Right click | 1021 | |
| Select / deselect | 370 | |
| Select group hotkey | 292 | |
| Use ability | 166 | |
2188 total
» units
| Peon | 8 | |
| Grunt | 6 | |
| Goblin Shredder | 2 | |
| Goblin Zeppelin | 2 | |
| Goblin Sapper | 8 | |
| Wind Rider | 4 | |
30 total
» upgrades
| Reinforced Defenses | 1 | |
| Armor | 3 | |
| Ranged Weapons | 3 | |
| Troll Regeneration | 1 | |
| Liquid Fire | 1 | |
| Ensnare | 1 | |
| Envenomed Spears | 1 | |
11 total
» buildings
| Orc Burrow | 9 | |
| Altar of Storms | 1 | |
| Barracks | 1 | |
| Voodoo Lounge | 3 | |
| Stronghold | 1 | |
| Great Hall | 2 | |
| War Mill | 2 | |
| Fortress | 1 | |
| Watch Tower | 35 | |
| Beastiary | 6 | |
61 total
» build order
00:12 Orc Burrow
01:05 Orc Burrow
01:07 Altar of Storms
01:11 Barracks
01:43 Voodoo Lounge
01:46 Voodoo Lounge
03:03 Stronghold
04:12 Orc Burrow
04:56 Great Hall
05:08 War Mill
06:17 Orc Burrow
06:20 Fortress
06:34 Watch Tower
06:35 Watch Tower
06:39 Watch Tower
06:40 Watch Tower
06:40 Watch Tower
08:28 Watch Tower
09:09 Beastiary
09:09 Beastiary
09:11 Beastiary
09:16 Beastiary
10:05 War Mill
10:18 Voodoo Lounge
13:28 Watch Tower
13:29 Watch Tower
13:30 Watch Tower
13:33 Watch Tower
13:33 Watch Tower
13:35 Watch Tower
13:38 Watch Tower
13:39 Watch Tower
13:40 Watch Tower
13:40 Watch Tower
13:41 Watch Tower
13:42 Watch Tower
13:43 Watch Tower
16:20 Watch Tower
16:22 Watch Tower
16:25 Watch Tower
16:28 Watch Tower
19:05 Orc Burrow
19:06 Orc Burrow
19:08 Orc Burrow
19:32 Great Hall
19:37 Watch Tower
19:37 Watch Tower
19:38 Watch Tower
19:38 Watch Tower
19:40 Watch Tower
19:40 Watch Tower
19:41 Watch Tower
19:42 Watch Tower
19:43 Watch Tower
19:44 Watch Tower
19:45 Watch Tower
19:45 Watch Tower
20:05 Beastiary
20:08 Beastiary
21:12 Orc Burrow
32:17 Orc Burrow
» items
| Healing Salve | 3 | |
| Scroll of Town Portal | 2 | |
| Lesser Clarity Potion | 1 | |
| Orb of Lightning | 1 | |
| Periapt of Vitality | 1 | |
| Staff of Teleportation | 1 | |
| Potion of Healing | 2 | |
11 total
Chat log
(03:56 / Allies) TheJukeBox: worth
(04:46 / Allies) SNAKE-BITTEN: 100 wood
(05:48 / Allies) SNAKE-BITTEN: wood
(06:02 / Allies) SNAKE-BITTEN: thx
(06:14 / Allies) TheJukeBox: what about it
(06:15 / Allies) TheJukeBox: ?
(06:18 / Allies) SNAKE-BITTEN: scout
(09:26 / Allies) SNAKE-BITTEN: tp to us
(09:29 / Allies) TheJukeBox: delay ftl
(10:01 / Allies) TheJukeBox: so were just all chillin again
(10:45 / Allies) TheJukeBox: come purple
(12:33 / Allies) TheJukeBox: whyare yo uafk flolling me
(12:39 / Allies) TheJukeBox: youre playing bm wyv
(12:43 / Allies) TheJukeBox: and youre afk following ne
(16:59 / Allies) SNAKE-BITTEN: gonna buy sappers hit top left main
(17:23 / Allies) SNAKE-BITTEN: woo dplz
(17:34 / All) DarkWebMerchant: you guys had kid
(17:35 / Allies) Kadak: all tp
(17:37 / All) DarkWebMerchant: sorry bout ur luck
(17:38 / All) DarkWebMerchant: he sucks
(17:50 / All) DarkWebMerchant: might want to unmount bub
(17:53 / All) DarkWebMerchant: lol
(18:03 / All) DarkWebMerchant: I mop up
(18:24 / All) KiD: Dark you might wanna get that D((( outa your mouth
(18:36 / All) DarkWebMerchant: mad newbie?
(21:43 / All) TeKk: Red trying hard
(21:45 / All) SNAKE-BITTEN: leave plz
(21:45 / All) SNAKE-BITTEN: noobs
(21:49 / All) SNAKE-BITTEN: me win
(21:49 / All) TeKk: you're trash
(21:51 / All) TeKk: lawl
(24:14 / All) SNAKE-BITTEN: leave plz
(25:20 / All) SNAKE-BITTEN: leave plz
(25:29 / All) SNAKE-BITTEN: thank u
(25:30 / All) SNAKE-BITTEN: u can leave
(25:43 / All) ArchFuri: u guys are fags
(26:38 / All) DarkWebMerchant: HAHA!
(34:00 / All) DarkWebMerchant: leave pink ya fucking scrub
(34:02 / All) DarkWebMerchant: mexicant